 Dungeon Crawl Stone Soup version 0.17.1-3-g152610e (webtiles) character file.

343 kaze the Shield-Bearer (level 6, -1/48 HPs)
             Began as a Demonspawn Fighter on Apr 11, 2016.
             Succumbed to an orc wizard's poison
             ... on level 3 of the Dungeon.
             The game lasted 00:04:36 (2170 turns).

kaze the Shield-Bearer (Demonspawn Fighter)         Turns: 2170, Time: 00:04:36

Health: -1/48      AC: 15    Str: 23    XL:     6   Next: 31%
Magic:  6/6        EV:  8    Int:  9    God:
Gold:   190        SH: 10    Dex: 13    Spells: 0 memorised, 5 levels left

rFire  + . .     SeeInvis .     a - +0 war axe
rCold  . . .     Clarity  .     b - +0 scale mail
rNeg   . . .     SustAt   .     c - +0 shield
rPois  .         Gourm    .     (no helmet)
rElec  .         Spirit   .     (no cloak)
rCorr  .         Warding  .     (no gloves)
rMut   .         Stasis   .     g - +1 pair of boots
MR     .....                    (no amulet)
Stlth  ..........               (no ring)
                                s - +5 ring of protection

@: mighty, lethally poisoned (-1 -> -40), not resistant to hostile enchantments,
extremely unstealthy
A: icy blue scales 1, fire resistance 1, powered by pain 1
a: no special abilities


You were on level 3 of the Dungeon.
You were not hungry.

You visited 1 branch of the dungeon, and saw 3 of its levels.
You also visited: Sewer.

You collected 190 gold pieces.

Inventory:

Hand Weapons
 a - a +0 war axe (weapon)
Armour
 b - a +0 scale mail (worn)
 c - a +0 shield (worn)
 g - a +1 pair of boots (worn)
Jewellery
 s - a +5 ring of protection (left hand)
Wands
 f - a wand of flame (16)
Scrolls
 i - 2 scrolls of teleportation {unknown}
 j - a scroll of immolation
 l - a scroll of enchant weapon {unknown}
 o - a scroll of magic mapping {unknown}
 q - 2 scrolls of fear {unknown}
Potions
 d - 3 potions of might
 h - a potion of lignification {unknown}
 k - 5 potions of curing {unknown}
 m - a potion of degeneration {unknown}
 r - 2 potions of haste {unknown}
 t - 2 potions of magic {unknown}
 u - 2 potions of heal wounds {unknown}
Comestibles
 e - 2 bread rations
 n - 3 fruits
 p - a meat ration


   Skills:
 + Level 3.9 Fighting
 + Level 3.3 Axes
 + Level 3.6 Armour
 + Level 2.0 Dodging
 + Level 4.1 Shields


You had 5 spell levels left.
You didn't know any spells.

Dungeon Overview and Level Annotations

Branches:
Dungeon (3/15)

Altars:
Dithmenos
Nemelex Xobeh


Innate Abilities, Weirdness & Mutations

You are partially covered in icy blue scales (AC +1).
Your flesh is heat resistant.
You sometimes gain a little power by taking damage.


Message History

You feel very sick.
The orc wizard gestures at you while chanting.
You resist with some effort.
You completely miss the orc wizard.
The orc wizard is severely wounded.
* * * LOW HITPOINT WARNING * * *
You feel very sick.
The orc wizard hits you but does no damage.
You are more poisoned.
The orc wizard hits you but does no damage.
You are more poisoned.
Drink which item? (? for menu, Esc to quit)
You feel very mighty all of a sudden.
* * * LOW HITPOINT WARNING * * *
You feel very sick. You block the orc wizard's attack.
Unknown command.
You closely miss the orc wizard.
The orc wizard is severely wounded.
You die...

...#############...########.#.###
...# ................###... ...#
#####..##.....>..#.### ...#
#####..######..# # ..(# #.......
....# # #..# #.##..######### # .
##.##..####### # ..
##)...........# # ##
#)@.##...####.# # ..
#.....)o.##.#.# #.# # .#
######...##.#.# ##<## #
###.##.#.###...####
#.##.............
#.##...###...#### #.##...# ##.##
# #.### #####.##...# #.# ## .
.... .......)...####.####.


You could see an orc wizard.

Vanquished Creatures
  The ghost of Tobisume the Chopper, an amateur DsCK of Xom (D:3)
  2 orc wizards (D:3)
  Terence (D:3)
  4 adders
  5 river rats (Sewer)
  An ooze (D:2)
  A worm (D:2)
  4 giant geckos
  3 orcs
  7 ball pythons
  4 giant cockroaches
  8 hobgoblins
  6 bats
  7 giant newts
  10 goblins
  6 jackals
  10 kobolds
  18 rats
98 creatures vanquished.

Notes
Turn   | Place    | Note
--------------------------------------------------------------
     0 | D:1      | kaze the Demonspawn Fighter began the quest for the Orb.
     0 | D:1      | Reached XP level 1. HP: 18/18 MP: 1/1
   111 | D:1      | Gained mutation: You sometimes gain a little power by taking damage. [demonic ancestry]
   111 | D:1      | Reached XP level 2. HP: 22/24 MP: 2/2
   690 | D:2      | Reached XP level 3. HP: 29/29 MP: 3/3
  1279 | D:2      | Found a sparkling altar of Nemelex Xobeh.
  1307 | D:2      | Gained mutation: You are partially covered in icy blue scales (AC +1). [demonic ancestry]
  1307 | D:2      | Reached XP level 4. HP: 35/35 MP: 4/4
  1368 | D:3      | Noticed Tobisume's ghost (amateur DsCK)
  1376 | D:3      | Killed Tobisume's ghost
  1376 | D:3      | Reached skill level 1 in Dodging
  1376 | D:3      | Gained mutation: Your flesh is heat resistant. [demonic ancestry]
  1376 | D:3      | Reached XP level 5. HP: 37/41 MP: 5/5
  1580 | D:3      | Found a shadowy altar of Dithmenos.
  1712 | D:3      | Found a glowing drain.
  1735 | Sewer    | Entered a sewer
  2107 | D:3      | Noticed Terence
  2112 | D:3      | Killed Terence
  2112 | D:3      | Reached XP level 6. HP: 30/48 MP: 6/6
  2154 | D:3      | Reached skill level 4 in Shields
  2169 | D:3      | HP: 2/48 [poisoned by an orc wizard]
  2170 | D:3      | Succumbed to an orc wizard's poison

Action                   |  1- 3 |  4- 6 || total
-------------------------+-------+-------++-------
Melee: War axe           |   163 |   211 ||   374
  Use: Scroll            |     6 |       ||     6
       Potion            |       |     3 ||     3
  Eat: Chunk             |     1 |     1 ||     2
       Bread ration      |       |     1 ||     1
